cohdb
Replays
Latest Replays
All Replays
Popular Replays
Top Player Replays
Match Explorer
How It Works
Community
CoH3 Stats
Reddit
Sign in to upload your games and track your stats! →
Sign in with Steam
Match 46272152
Unlisted
Match 46272152
Overview
Messages
Build Orders
End
Construct Infanterie Kompanie
Selects Luftwaffe Battlegroup
Selects Luftwaffe Pioneer Support
Fallschirmpioneer Squad Paradrop
MG 42 Machine Gun Team
Medical Station
GrW 34 Mortar Team
MG 42 Machine Gun Team
GrW 34 Mortar Team
Construct Luftwaffe Kompanie
Selects Flak 38 Anti-Air Emplacement
Selects Stuka Strafing Run
Stuka Strafing Run
Jäger Squad
Selects Fallschirmjäger Squad Paradrop
Jäger Squad
Stuka Strafing Run
KoVaC
anioki
Sky Blues
SnowLeopard279
PeratOli
sbeu
Solomon_Gnida
AdamsDisturber
0
0
Comments
sign in to comment!
No comments posted yet!